 Dungeon Crawl Stone Soup version 0.23.2-33-g5129a83184 (webtiles) character file.

Game seed: 11397912652618526959

30296 funkygono the Thaumaturge (level 13, -7/96 HPs)
             Began as a Pale Draconian Conjurer on June 28, 2019.
             Was a High Priest of Vehumet.
             Mangled by an eight-headed hydra (9 damage)
             ... on level 4 of the Lair of Beasts on June 29, 2019.
             The game lasted 01:20:35 (22897 turns).

funkygono the Thaumaturge (DrCj)                   Turns: 22897, Time: 01:20:36

Health: -7/96      AC: 21    Str: 16    XL:     13   Next: 19%
Magic:  22/29      EV: 13    Int: 21    God:    Vehumet [*****.]
Gold:   924        SH: 11    Dex: 11    Spells: 4/36 levels left

rFire    + . .     SeeInvis .   t - +4 flail (protect)
rCold    . . .     Gourm    .   j - +1 shield
rNeg     . . .     Faith    .   (armour unavailable)
rPois    .         Spirit   .   u - +2 hat {MR+}
rElec    .         Reflect  .   H - +1 cloak
rCorr    .         Harm     .   K - +2 pair of gloves {archery}
MR       +....                  (no boots)
Stlth    ++........             i - amulet of the acrobat
HPRegen  0.26/turn              y - +6 ring of protection
MPRegen  0.21/turn              k - ring of protection from fire

@: mighty
A: breathe steam, unfitting armour, cold-blooded, AC +8
a: Breathe Steam, Renounce Religion


You were on level 4 of the Lair of Beasts.
You worshipped Vehumet.
Vehumet was extremely pleased with you.
You were not hungry.

You visited 3 branches of the dungeon, and saw 16 of its levels.
You also visited: Sewer.

You collected 924 gold pieces.

Inventory:

Hand Weapons
 t - a +4 flail of protection (weapon)
Missiles
 c - 593 stones (quivered)
Armour
 j - a +1 shield (worn)
 u - a +2 hat of magic resistance (worn)
 H - a +1 cloak (worn)
 K - a +2 pair of gloves of archery (worn)
Jewellery
 i - an amulet of the acrobat (around neck)
 k - a ring of protection from fire (right hand)
 m - a +4 ring of evasion
 y - a +6 ring of protection (left hand)
Wands
 a - a wand of random effects (22)
 w - a wand of flame (13)
 x - a wand of digging (5)
Scrolls
 g - 6 scrolls of remove curse
 r - 2 scrolls of magic mapping
 z - a scroll of blinking
 B - 7 scrolls of teleportation
 C - 3 scrolls of fog
 I - a scroll of brand weapon {unknown}
 L - a scroll of amnesia
Potions
 e - a potion of heal wounds
 f - 2 potions of lignification
 h - 7 potions of curing
 l - 3 potions of haste
 n - 3 potions of berserk rage
 o - a potion of mutation
 p - a potion of degeneration {unknown}
 q - 3 potions of brilliance
 s - 2 potions of cancellation
 v - 7 potions of flight
 A - 3 potions of agility
 E - a potion of resistance {unknown}
Miscellaneous
 G - a phial of floods
Comestibles
 b - 25 rations
 d - 5 chunks of flesh


   Skills:
 + Level 4.0 Fighting
 + Level 5.4 Maces & Flails
 + Level 5.9 Dodging
 + Level 3.4 Stealth
 * Level 7.5 Shields
 * Level 12.2 Spellcasting
 + Level 10.7 Conjurations
 + Level 2.0 Hexes
 + Level 7.4 Fire Magic
 + Level 5.0 Earth Magic
 + Level 3.2 Poison Magic
 + Level 0.2 Evocations


You had 4 spell levels left.
You knew the following spells:

 Your Spells              Type           Power        Failure   Level  Hunger
a - Magic Dart            Conj           ####         1%          1    None
b - Searing Ray           Conj           ######       1%          2    None
c - Dazzling Spray        Conj/Hex       #####.       1%          3    None
d - Sandblast             Erth           ####..       1%          1    None
e - Sting                 Conj/Pois      ####         1%          1    None
f - Stone Arrow           Conj/Erth      #####.       1%          3    None
g - Flame Tongue          Conj/Fire      #####        1%          1    None
h - Throw Flame           Conj/Fire      ######       1%          2    None
i - Fireball              Conj/Fire      ######....   2%          5    ####...
j - Static Discharge      Conj/Air       #####...     1%          3    None
k - Venom Bolt            Conj/Pois      #####.....   6%          5    ####...
l - Lightning Bolt        Conj/Air       #####.....   11%         5    ####...

Your spell library contained the following spells:

 Spells                   Type           Power        Failure   Level  Hunger
 Conjure Flame            Conj/Fire      ######..     1%          3    None
 Inner Flame              Hex/Fire       ####....     1%          3    None
 Iskenderun's Mystic Bla  Conj           ######..     1%          4    None
 Sticky Flame             Conj/Fire      ######..     1%          4    None
 Fulminant Prism          Conj/Hex       #####.....   2%          4    None
 Force Lance              Conj/Tloc      #####...     4%          4    None
 Confusing Touch          Hex            ###...       6%          1    None
 Animate Skeleton         Necr           N/A          14%         1    None
 Apportation              Tloc           ##....       14%         1    None
 Summon Small Mammal      Summ           ##..         14%         1    None


Dungeon Overview and Level Annotations

Branches:
Dungeon (11/15)            Temple (1/1) D:4            Lair (4/6) D:11
  Swamp (0/4) Lair:3       Spider (0/4) Lair:2          Orc (0/2) D:10

Altars:
Ashenzari
Cheibriados
Dithmenos
Elyvilon
Fedhas
Gozag
Hepliaklqana
Kikubaaqudgha
Makhleb
Nemelex Xobeh
Okawaru
Qazlal
Ru
Sif Muna
Trog
Uskayaw
Vehumet
Wu Jian
Xom
Yredelemnul
Zin
The Shining One

Annotations:
Lair:4 exclusion: rime drake


Innate Abilities, Weirdness & Mutations

You can breathe blasts of scalding, opaque steam.
Your pale cyan-grey scales are hard. (AC +8)
You cannot fit into any form of body armour.
You are cold-blooded and may be slowed by cold attacks.


Message History

The eight-headed hydra misses you.
Casting: Stone Arrow (safe; 1% risk of failure)
Confirm with . or Enter, or press ? or * to list all spells.
Aiming: Flame Tongue (safe; 1% risk of failure)
Press: ? - help, Shift-Dir - straight line, f/p - eight-headed hydra
Aim: an eight-headed hydra (heavily wounded)
The flame tongue hits the eight-headed hydra!
The eight-headed hydra is severely wounded.
The eight-headed hydra bites you. The eight-headed hydra bites you!
* * * LOW HITPOINT WARNING * * *
The eight-headed hydra bites you.
* * * LOW HITPOINT WARNING * * *
The eight-headed hydra bites you but does no damage.
The eight-headed hydra closely misses you.
The eight-headed hydra bites you.
* * * LOW HITPOINT WARNING * * *
The eight-headed hydra bites you!
* * * LOW HITPOINT WARNING * * *
The eight-headed hydra bites you!
You die...

.........# #..
.........### .. ##
.........#.## ..#.##
.#.....#....## #....##
##.....#.....# #.....#
#......#.....# #.....#
#......#.....###.....#
#P.....##...##.##D.)†#
.+.....###.#....@#.##..y#
##.....# ###.....### .
#..#..# #.....# ##...##
##.## ###


You could see an eight-headed hydra.

Vanquished Creatures
  Gastronok (Lair:1)
  Snorg (Lair:3)
  Harold (D:8)
  A hydra (D:11)
  A centaur warrior (D:11)
  2 two-headed ogres (D:9)
  Sonja (Lair:2)
  Pikel (D:6)
  An orb spider (Lair:2)
  A deep elf mage (D:11)
  An ugly thing (D:10)
  A cyclops (D:11)
  3 spiny frogs
  A torpor snail (Lair:4)
  A rime drake (Lair:4)
  3 komodo dragons
  A queen bee (Lair:4)
  3 meliai (Lair:4)
  2 hornets
  A troll (D:10)
  2 bog bodies (Lair:3)
  4 dream sheep (Lair:4)
  3 blink frogs (Lair:2)
  7 hippogriffs
  A wraith (D:9)
  3 wyverns
  25 yaks
  4 basilisks
  2 hungry ghosts
  A vampire mosquito (D:11)
  Menkaure (D:5)
  A swamp worm (Lair:3)
  2 soldier ants (D:8)
  4 water moccasins
  3 orc warriors
  11 porcupines
  2 slaves (D:6)
  5 ice beasts
  A sky beast (D:8)
  5 ogres
  A phantom (D:9)
  2 black bears
  4 centaurs
  10 wolves
  6 crocodiles
  5 big kobolds
  12 bullfrogs
  A wyvern skeleton (D:8)
  3 scorpions
  26 killer bees
  2 troll zombies (D:10)
  3 electric eels
  5 crimson imps
  2 centaur zombies
  A bullfrog zombie (D:11)
  6 hounds
  2 jellies
  7 orc priests
  4 bullfrog skeletons
  4 centaur skeletons
  4 iguanas
  5 orc wizards
  A hell rat (Lair:4)
  3 worker ants
  6 ogre zombies (D:10)
  A hound zombie (D:9)
  A hound skeleton (D:11)
  A howler monkey zombie (D:6)
  12 adders
  6 river rats
  2 shadow imps
  5 oozes
  3 adder skeletons
  2 worms
  2 dart slugs
  4 leopard geckos
  37 orcs
  5 bats
  4 giant cockroaches
  8 goblins
  3 hobgoblins
  7 jackals (D:2)
  4 quokkas
  8 ball pythons
  2 frilled lizards
  2 goblin skeletons (D:10)
  A goblin zombie (D:10)
  A hobgoblin skeleton (D:10)
  4 hobgoblin zombies (D:10)
  28 kobolds
  A leopard gecko skeleton (D:5)
  A leopard gecko zombie (D:6)
  An orc skeleton (D:10)
  16 orc zombies (D:10)
  A quokka zombie (D:7)
  27 rats
  A spectral orc (D:2)
  5 fungi (D:11)
  6 plants
452 creatures vanquished.

Vanquished Creatures (others)
  A blink frog (Lair:2)
  A bullfrog skeleton (D:11)
  An orc (D:6)
  9 fungi
  4 plants
16 creatures vanquished.

Grand Total: 468 creatures vanquished

Notes
Turn   | Place    | Note
-------+----------+-------------------------------------------
     0 | D:1      | funkygono the Draconian Conjurer began the quest for the
                  | Orb.
     0 | D:1      | Reached XP level 1. HP: 14/14 MP: 3/3
    45 | D:1      | Noticed a komodo dragon
    45 | D:1      | Noticed a tyrant leech
    45 | D:1      | Noticed a worker ant
    45 | D:1      | Noticed an ettin
   229 | D:1      | Reached XP level 2. HP: 20/20 MP: 1/5
   249 | D:1      | Learned a level 2 spell: Searing Ray
   994 | D:2      | Reached XP level 3. HP: 26/26 MP: 0/6
  1252 | D:2      | Found a hazy altar of Hepliaklqana.
  1257 | D:2      | Learned a level 3 spell: Dazzling Spray
  1368 | D:2      | Found a basalt altar of Yredelemnul.
  1804 | D:2      | Reached skill level 5 in Conjurations
  1906 | D:2      | Reached XP level 4. HP: 33/33 MP: 6/8
  2481 | D:3      | Reached skill level 3 in Spellcasting
  2957 | D:4      | Reached XP level 5. HP: 38/38 MP: 4/10
  3235 | D:4      | Noticed an ogre
  3439 | D:3      | Killed an ogre
  3439 | D:3      | Reached skill level 1 in Maces & Flails
  3439 | D:3      | Reached skill level 4 in Spellcasting
  3439 | D:3      | Reached XP level 6. HP: 45/46 MP: 2/12
  3940 | D:4      | Found a staircase to the Ecumenical Temple.
  3951 | Temple   | Entered the Ecumenical Temple
  3958 | Temple   | Became a worshipper of Vehumet
  4488 | D:5      | Entered Level 5 of the Dungeon
  4489 | D:5      | Noticed Menkaure
  4496 | D:5      | Killed Menkaure
  4496 | D:5      | Reached skill level 5 in Spellcasting
  4496 | D:5      | Your scales start taking on a pale cyan-grey colour.
  4496 | D:5      | Reached XP level 7. HP: 21/51 MP: 5/14
  4732 | D:5      | Noticed a hippogriff
  4759 | D:4      | Killed a hippogriff
  5199 | D:5      | Reached skill level 1 in Shields
  5498 | D:5      | Reached skill level 1 in Fighting
  5791 | D:5      | Found a glowing golden altar of the Shining One.
  5965 | D:6      | Reached XP level 8. HP: 56/59 MP: 7/16
  6020 | D:6      | Noticed Pikel
  6030 | D:6      | Killed Pikel
  6030 | D:6      | Reached skill level 6 in Spellcasting
  6030 | D:6      | Reached skill level 1 in Hexes
  6441 | D:6      | Reached * piety under Vehumet
  6441 | D:6      | Offered knowledge of Sandblast by Vehumet.
  6444 | D:6      | Learned a level 1 spell: Sandblast
  6493 | D:6      | Found a glowing drain.
  6507 | Sewer    | Entered a sewer
  6868 | Sewer    | Offered knowledge of Sting by Vehumet.
  6874 | Sewer    | Learned a level 1 spell: Sting
  6894 | Sewer    | Reached ** piety under Vehumet
  7098 | Sewer    | Reached skill level 7 in Spellcasting
  7670 | D:6      | Reached XP level 9. HP: 67/67 MP: 14/19
  7850 | D:7      | Noticed a moth of wrath
  7853 | D:7      | Found a bloodstained altar of Trog.
  7968 | D:7      | Found an opulent altar of Gozag.
  8259 | D:7      | Offered knowledge of Stone Arrow by Vehumet.
  8264 | D:7      | Learned a level 3 spell: Stone Arrow
  8648 | D:7      | Reached skill level 8 in Spellcasting
  8695 | D:7      | Reached skill level 1 in Earth Magic
  9257 | D:8      | Noticed Harold
  9274 | D:8      | Killed Harold
  9274 | D:8      | Reached XP level 10. HP: 21/74 MP: 4/22
  9564 | D:8      | Reached *** piety under Vehumet
  9571 | D:8      | Reached skill level 9 in Spellcasting
  9913 | D:8      | Found a blossoming altar of Fedhas.
 10422 | D:9      | Found a hide-covered altar of Uskayaw.
 10491 | D:9      | Learned a level 1 spell: Flame Tongue
 10495 | D:9      | Learned a level 2 spell: Throw Flame
 10599 | D:9      | Reached skill level 1 in Fire Magic
 10599 | D:9      | Noticed a two-headed ogre
 10600 | D:9      | Offered knowledge of Airstrike by Vehumet.
 10863 | D:8      | Reached skill level 5 in Shields
 11546 | D:9      | Noticed a two-headed ogre
 11560 | D:9      | Killed a two-headed ogre
 11691 | D:9      | Killed a two-headed ogre
 11691 | D:9      | Reached XP level 11. HP: 74/82 MP: 15/24
 11761 | D:10     | Entered Level 10 of the Dungeon
 12109 | D:10     | Found a staircase to the Orcish Mines.
 12290 | D:9      | Reached skill level 10 in Spellcasting
 12649 | D:10     | Reached **** piety under Vehumet
 12739 | D:10     | Offered knowledge of Static Discharge by Vehumet.
 12767 | D:10     | Reached skill level 5 in Fire Magic
 12796 | D:10     | Reached skill level 5 in Dodging
 13419 | D:10     | Learned a level 5 spell: Fireball
 13676 | D:10     | Learned a level 3 spell: Static Discharge
 14214 | D:10     | Reached skill level 5 in Maces & Flails
 14481 | D:10     | Reached ***** piety under Vehumet
 15133 | D:11     | Offered knowledge of Venom Bolt by Vehumet.
 15153 | D:11     | Learned a level 5 spell: Venom Bolt
 15246 | D:11     | Noticed a five-headed hydra
 15254 | D:11     | Killed a five-headed hydra
 15369 | D:11     | Noticed a cyan ugly thing
 15375 | D:11     | Noticed a cyan ugly thing
 15396 | D:11     | HP: 4/82 [cyan ugly thing (16)]
 15812 | D:11     | Noticed a centaur warrior
 15815 | D:11     | Noticed a deep elf mage
 16117 | D:11     | Killed a centaur warrior
 16467 | D:11     | Found a staircase to the Lair.
 16622 | D:11     | Killed a deep elf mage
 16622 | D:11     | Reached XP level 12. HP: 65/89 MP: 17/26
 17473 | Lair:1   | Entered Level 1 of the Lair of Beasts
 18035 | Lair:1   | Reached skill level 1 in Poison Magic
 18484 | Lair:1   | Reached skill level 10 in Conjurations
 18827 | Lair:1   | Noticed Gastronok
 18853 | Lair:1   | Killed Gastronok
 18853 | Lair:1   | Reached skill level 11 in Spellcasting
 19689 | Lair:2   | Noticed Sonja
 19733 | Lair:2   | Killed Sonja
 19736 | Lair:2   | HP: 1/91 [blink frog (7)]
 20234 | Lair:2   | Found a hole to the Spider Nest.
 21426 | Lair:3   | Found a staircase to the Swamp.
 21675 | Lair:3   | Noticed Snorg
 21684 | Lair:3   | Killed Snorg
 22336 | Lair:4   | Offered knowledge of Lightning Bolt by Vehumet.
 22343 | Lair:4   | Learned a level 5 spell: Lightning Bolt
 22372 | Lair:4   | Reached XP level 13. HP: 96/96 MP: 20/28
 22434 | Lair:3   | Reached skill level 12 in Spellcasting
 22883 | Lair:4   | Reached skill level 5 in Earth Magic
 22897 | Lair:4   | HP: 2/96 [eight-headed hydra (15)]
 22897 | Lair:4   | Mangled by an eight-headed hydra

Skill      XL: |  1  2  3  4  5  6  7  8  9 10 11 12 13 |
---------------+----------------------------------------+-----
Stealth        | 2 3 |  3.4
Conjurations   | 5 6 7 8 9 10 | 10.7
Spellcasting   | 3 4 5 7 8 9 10 11 12 | 12.2
Maces & Flails | 1 2 3 4 5 |  5.4
Dodging        | 2 3 4 5 |  5.9
Shields        | 1 3 4 5 6 7 |  7.5
Fighting       | 1 2 3 4 |  4.0
Hexes          | 1 2 |  2.0
Earth Magic    | 1 2 4 5 |  5.0
Fire Magic     | 4 7 |  7.4
Poison Magic   | 3 |  3.2
Evocations     | |  0.2

Action                   |  1- 3 |  4- 6 |  7- 9 | 10-12 | 13-15 || total
-------------------------+-------+-------+-------+-------+-------++-------
Melee: Whip              |    30 |   167 |       |       |       ||   197
       Tailslap          |     4 |    19 |     8 |    34 |     1 ||    66
       Flail             |       |       |    57 |   230 |    46 ||   333
Throw: Stone             |       |       |       |     1 |       ||     1
 Cast: Magic Dart        |    77 |    56 |   174 |   192 |     9 ||   508
       Searing Ray       |     3 |    13 |    37 |    74 |     5 ||   132
       Dazzling Spray    |       |     6 |    15 |    28 |     4 ||    53
       Sting             |       |       |     5 |   100 |     2 ||   107
       Sandblast         |       |       |     7 |    31 |       ||    38
       Flame Tongue      |       |       |       |   137 |     6 ||   143
       Throw Flame       |       |       |       |   128 |     1 ||   129
       Stone Arrow       |       |       |       |    69 |    43 ||   112
       Fireball          |       |       |       |    32 |       ||    32
       Static Discharge  |       |       |       |    13 |       ||    13
       Venom Bolt        |       |       |       |     9 |       ||     9
 Abil: Breathe Steam     |       |       |     1 |       |       ||     1
Evoke: Wand              |       |       |       |     1 |       ||     1
       Phial of floods   |       |       |       |     1 |       ||     1
  Use: Scroll            |     2 |     9 |     5 |    17 |     1 ||    34
       Potion            |       |     6 |       |    10 |     3 ||    19
 Stab: Invisible         |       |     2 |       |     1 |     2 ||     5
  Eat: Chunk             |     4 |     6 |     9 |    37 |       ||    56
       Ration            |       |     1 |     2 |     5 |       ||     8
Armor: Skin              |    16 |    16 |    41 |   126 |    42 ||   241
Dodge: Dodged            |    33 |    83 |   126 |   487 |    89 ||   818
Block: Shield            |       |    14 |    74 |   365 |    85 ||   538
